[Event "Titled Tuesday Blitz November 16 2021"]
[White "Shipov, Sergei"]
[Black "Gegenfurtner, Juergen"]
[WhiteFideId "4113624"]
[BlackFideId "24632147"]
[WhiteElo "2794"]
[BlackElo "2398"]
[Result "1/2-1/2"]
[Round "03"]
[TimeControl "180+1"]
[Date "2021.11.16"]
[WhiteClock "0:00:20"]
[BlackClock "0:00:17"]

1. d4 d5 2. c4 e6 3. Nc3 Nf6 4. cxd5 exd5 5. Bg5 Nbd7 6. e3 c6 7. Bd3 Be7 8. Qc2 Nh5 9. Bxe7 Qxe7 10. Nge2 Nb6 11. O-O g6 12. Rae1 O-O 13. Nc1 Be6 14. Nb3 Rad8 15. f3 Nf6 16. Kh1 Rfe8 17. Qf2 Qd6 18. Nc5 Bc8 19. b4 Nbd7 20. h3 b6 21. Nxd7 Bxd7 22. a3 Re7 23. e4 dxe4 24. fxe4 Nh5 25. e5 Qc7 26. Ne4 Bf5 27. g4 Bxe4+ 28. Bxe4 Ng7 29. Rc1 Qd7 30. Rfd1 Rc8 31. Qg2 Re6 32. b5 cxb5 33. Bd5 Rxc1 34. Rxc1 Re7 35. Qe4 Ne6 36. h4 h6 37. Rc6 h5 38. gxh5 gxh5 39. Kh2 Re8 40. Rd6 Qe7 41. Bxe6 fxe6 42. Qg6+ Kh8 43. Qxh5+ Kg7 44. d5 Rh8 45. Qg4+ Kf8 46. Kh3 Rh6 47. dxe6 a5 48. Rc6 Qxa3+ 49. Kh2 Qb2+ 50. Kg3 Qxe5+ 51. Qf4+ Qxf4+ 52. Kxf4 Ke7 53. Rxb6 Rxe6 54. Rxb5 Ra6 55. Rb1 Kf6 56. Ke4 Kg6 57. Kd5 a4 58. Kc4 a3 59. Ra1 a2 60. Kb3 Kh5 61. Rxa2 Rxa2 62. Kxa2 Kxh4 1/2-1/2


[Site "https://www.chess.com"]

[Event "Titled Tuesday Blitz November 16 2021"]
[White "Shubenkova, Veronika"]
[Black "Costachi, Mihnea"]
[WhiteFideId "44124040"]
[BlackFideId "1217518"]
[WhiteElo "1938"]
[BlackElo "2482"]
[Result "0-1"]
[Round "03"]
[TimeControl "180+1"]
[Date "2021.11.16"]
[WhiteClock "0:01:14"]
[BlackClock "0:01:40"]

1. e4 e5 2. Nf3 Nc6 3. Bb5 a6 4. Bxc6 dxc6 5. O-O Bg4 6. d3 Qf6 7. Be3 Bxf3 8. Qxf3 Qxf3 9. gxf3 Bd6 10. Nd2 Ne7 11. Nc4 g5 12. Kh1 f6 13. Rg1 Ng6 14. Bd2 Bc5 15. Ne3 Bxe3 16. fxe3 Ke7 17. Raf1 Rhg8 18. f4 gxf4 19. exf4 Nxf4 20. Rxg8 Rxg8 21. Bxf4 exf4 22. Rxf4 Ke6 23. Rh4 Rg7 24. c3 c5 25. Rh5 b6 26. Rd5 a5 27. Rd8 Ke5 28. Rf8 Rd7 29. Re8+ Kf4 30. Rf8 Rxd3 31. Rxf6+ Kxe4 32. Rf7 Rd2 33. Rxc7 Rxb2 34. Rxh7 Rxa2 35. Rb7 Rb2 36. h4 Kf5 37. Rg7 Rc2 38. h5 Rxc3 39. Kg2 Rd3 40. h6 Rd6 41. h7 Rh6 42. Rb7 Ke4 43. Rxb6 Rxh7 44. Rb5 c4 45. Rxa5 Rf7 46. Rc5 Kd3 47. Rc8 c3 48. Rd8+ Ke2 49. Re8+ Kd2 50. Rd8+ Kc1 51. Rc8 c2 52. Kg3 Rb7 53. Kf3 Kb2 54. Ke2 c1=Q 0-1


[Site "https://www.chess.com"]

[Event "Titled Tuesday Blitz November 16 2021"]
[White "Sorokin, Aleksey"]
[Black "Czopor, Maciej"]
[WhiteFideId "24176460"]
[BlackFideId "21805431"]
[WhiteElo "2476"]
[BlackElo "1999"]
[Result "1-0"]
[Round "03"]
[TimeControl "180+1"]
[Date "2021.11.16"]
[WhiteClock "0:00:08"]
[BlackClock "0:00:08"]

1. e4 c5 2. Nf3 e6 3. d4 cxd4 4. Nxd4 Nc6 5. Nc3 Qc7 6. Be3 a6 7. Qf3 Nf6 8. O-O-O Ne5 9. Qg3 b5 10. f4 Neg4 11. Bg1 h5 12. h3 b4 13. hxg4 bxc3 14. Qxc3 Qxc3 15. bxc3 Ba3+ 16. Kd2 Nxe4+ 17. Kd3 Nc5+ 18. Ke3 h4 19. Bf2 Bb7 20. Rxh4 Rxh4 21. Bxh4 Rc8 22. Rb1 Bd5 23. c4 Ba8 24. Be1 Ne4 25. Bd3 Nd6 26. c5 Bxc5 27. Bxa6 Rd8 28. Ba5 Bb7 29. Bxd8 Bxa6 30. Rb8 Nc8 31. Bc7 d5 32. Be5 f6 33. Bc7 Kd7 34. Ba5 e5 35. fxe5 fxe5 36. Bc3 exd4+ 37. Bxd4 Bd6 38. Ra8 Bc4 39. Bxg7 Ne7 40. Bd4 Ke6 41. a4 Nc6 42. a5 Bb4 43. a6 Nxd4 44. Kxd4 Be1 45. a7 Bf2+ 46. Kc3 Kd7 47. Rh8 Bxa7 48. Rh7+ Ke6 49. Rxa7 Bf1 50. Rg7 Bxg2 51. Kd4 Be4 52. c4 Kd6 53. cxd5 Bxd5 54. Rg6+ Be6 55. Ke4 Ke7 56. Ke5 Bf7 57. Rg7 Kf8 58. Kf6 Bd5 59. g5 Bc4 60. g6 Bd3 61. Re7 Bc4 62. g7+ Kg8 63. Re8+ Kh7 64. Rh8# 1-0


[Site "https://www.chess.com"]

[Event "Titled Tuesday Blitz November 16 2021"]
[White "Svane, Frederik"]
[Black "Lewtak, Damian"]
[WhiteFideId "12923044"]
[BlackFideId "1141724"]
[WhiteElo "2459"]
[BlackElo "2203"]
[Result "0-1"]
[Round "03"]
[TimeControl "180+1"]
[Date "2021.11.16"]
[WhiteClock "0:00:06"]
[BlackClock "0:00:21"]

1. c4 g6 2. Nc3 Bg7 3. g3 c5 4. Bg2 e6 5. d3 Ne7 6. h4 h5 7. Bg5 Nbc6 8. Nh3 d6 9. O-O Rb8 10. Qd2 a6 11. a4 Qc7 12. Ne4 Ng8 13. Nf4 Nd4 14. e3 Nb3 15. Qc2 Nxa1 16. Rxa1 f6 17. Nxg6 Rh7 18. d4 fxg5 19. dxc5 dxc5 20. Rd1 Bf8 21. Nxf8 Kxf8 22. Nxg5 Rg7 23. Bh3 Ke7 24. Qc3 Nf6 25. e4 e5 26. Bxc8 Rxc8 27. f4 Rd8 28. Rxd8 Qxd8 29. Qxe5+ Kd7 30. Kg2 Qe7 31. Qf5+ Kc6 32. e5 Ng4 33. Kh3 Qd7 34. Ne6 Qd1 35. Qe4+ Kb6 36. Nxg7 Nf2+ 37. Kh2 Nxe4 38. Nf5 Qe2+ 39. Kh3 Qf1+ 40. Kh2 Qf2+ 41. Kh3 Qg1 0-1


[Site "https://www.chess.com"]

[Event "Titled Tuesday Blitz November 16 2021"]
[White "Tahbaz, Arash"]
[Black "Tarigan, Gilbert Elroy"]
[WhiteFideId "12528846"]
[BlackFideId "7108133"]
[WhiteElo "2377"]
[BlackElo "1908"]
[Result "0-1"]
[Round "03"]
[TimeControl "180+1"]
[Date "2021.11.16"]
[WhiteClock "0:00:44"]
[BlackClock "0:00:03"]

1. d4 Nf6 2. Nf3 e6 3. c4 d5 4. g3 Be7 5. Bg2 O-O 6. O-O dxc4 7. Qc2 a6 8. a4 c5 9. dxc5 Bxc5 10. Nbd2 b5 11. axb5 Bb7 12. bxa6 Nxa6 13. Qxc4 Qb6 14. Qh4 Nb4 15. Nc4 Qb5 16. Be3 Bxe3 17. Nxe3 Rxa1 18. Rxa1 Nbd5 19. Nxd5 Bxd5 20. Qd4 Qxe2 21. Re1 Qa6 22. Ne5 Bxg2 23. Kxg2 Qa8+ 24. Kg1 Rd8 25. Qc4 Qb7 26. b4 h5 27. Nc6 Ra8 28. b5 h4 29. Qxh4 Re8 30. Qc4 Nd5 31. Qc5 Ra8 32. Rd1 Ra2 33. Rd4 Ra1+ 34. Kg2 Ra8 35. h4 Ra1 0-1


[Site "https://www.chess.com"]

[Event "Titled Tuesday Blitz November 16 2021"]
[White "Tillyaev, Ulugbek"]
[Black "Afanasiev, Nikita"]
[WhiteFideId "14202441"]
[BlackFideId "24183555"]
[WhiteElo "2341"]
[BlackElo "2577"]
[Result "1-0"]
[Round "03"]
[TimeControl "180+1"]
[Date "2021.11.16"]
[WhiteClock "0:00:16"]
[BlackClock "0:00:09"]

1. e4 e5 2. Nf3 Nc6 3. Bb5 a6 4. Ba4 d6 5. O-O Bd7 6. d4 b5 7. Bb3 Nxd4 8. Nxd4 exd4 9. c3 dxc3 10. Qh5 Qf6 11. Nxc3 Qg6 12. Qxg6 hxg6 13. a4 Rc8 14. Re1 Rh5 15. Bf4 Ne7 16. axb5 axb5 17. e5 b4 18. exd6 bxc3 19. dxe7 Bxe7 20. bxc3 Kf8 21. Ra7 Rc5 22. Be5 Bf6 23. Bd6+ cxd6 24. Rxd7 R5c7 25. Rxd6 Rxc3 26. Ba4 R3c7 27. g3 Bc3 28. Red1 Bf6 29. Bb3 Be7 30. Rd7 g5 31. Rxc7 Rxc7 32. h3 g6 33. Kg2 Rc3 34. Rb1 Bc5 35. Bd1 Rd3 36. Be2 Rd2 37. Kf1 Rc2 38. Rd1 Rb2 39. Rd5 f6 40. Rxc5 Rb1+ 41. Kg2 Rb2 42. Bd3 f5 43. Bxf5 1-0


[Site "https://www.chess.com"]

[Event "Titled Tuesday Blitz November 16 2021"]
[White "Triapishko, Alexandr"]
[Black "Liyanage, Ranindu Dilshan"]
[WhiteFideId "14122286"]
[BlackFideId "9915834"]
[WhiteElo "2479"]
[BlackElo "1839"]
[Result "1-0"]
[Round "03"]
[TimeControl "180+1"]
[Date "2021.11.16"]
[WhiteClock "0:00:08"]
[BlackClock "0:00:04"]

1. d4 Nf6 2. c4 e6 3. Nf3 d5 4. Nc3 Bb4 5. Qa4+ Nc6 6. a3 Bxc3+ 7. bxc3 O-O 8. Bf4 Ne4 9. e3 Nxc3 10. Qc2 Ne4 11. Bd3 Nf6 12. O-O h6 13. h3 Ne7 14. Rab1 c6 15. a4 Nf5 16. Rfc1 Qa5 17. Ne5 Rd8 18. g4 Nd6 19. c5 Nde8 20. g5 hxg5 21. Bxg5 Qc7 22. f4 Bd7 23. Kh1 Kf8 24. Rg1 Rdc8 25. Qg2 Ng8 26. Bh7 Ne7 27. Qg4 g6 28. Bh6+ Ng7 29. Bxg6 fxg6 30. Nxg6+ Nxg6 31. Bxg7+ Kxg7 32. Qxg6+ Kf8 33. Qf6+ 1-0


[Site "https://www.chess.com"]

[Event "Titled Tuesday Blitz November 16 2021"]
[White "Yaksin, Oleg"]
[Black "Sjugirov, Sanan"]
[WhiteFideId "24105880"]
[BlackFideId "4189302"]
[WhiteElo "2256"]
[BlackElo "2653"]
[Result "0-1"]
[Round "03"]
[TimeControl "180+1"]
[Date "2021.11.16"]
[WhiteClock "0:00:06"]
[BlackClock "0:00:23"]

1. d4 Nf6 2. c4 e6 3. g3 d5 4. Nf3 h6 5. Bg2 Bd6 6. O-O O-O 7. Nc3 Nc6 8. b3 Re8 9. Bb2 dxc4 10. bxc4 e5 11. Nb5 e4 12. Nxd6 cxd6 13. Nd2 e3 14. fxe3 Ng4 15. Ne4 Nxe3 16. Qd3 Nxg2 17. Kxg2 Qe7 18. Rf4 Bf5 19. Rxf5 Qxe4+ 20. Kf2 Re7 21. d5 Qxd3 22. exd3 Nb4 23. Rd1 Rae8 24. Ba3 Re2+ 25. Kg1 Nc2 26. Bc1 a5 27. Rf2 Nd4 28. Rdf1 Rxf2 29. Kxf2 Re2+ 30. Kg1 Rxa2 31. Be3 Ne2+ 32. Kh1 a4 33. c5 dxc5 34. d6 Kf8 35. Bxc5 Ke8 36. Rb1 Rc2 37. d4 Rc1+ 38. Rxc1 Nxc1 39. Kg2 Nb3 40. Kf3 Nxc5 41. dxc5 a3 0-1


[Site "https://www.chess.com"]

[Event "Titled Tuesday Blitz November 16 2021"]
[White "Yashmetov, Mikhail"]
[Black "Sarana, Alexey"]
[WhiteFideId "24198900"]
[BlackFideId "24133795"]
[WhiteElo "2305"]
[BlackElo "2689"]
[Result "0-1"]
[Round "03"]
[TimeControl "180+1"]
[Date "2021.11.16"]
[WhiteClock "0:00:23"]
[BlackClock "0:02:34"]

1. Nf3 d5 2. g3 g6 3. Bg2 Bg7 4. O-O e5 5. d4 exd4 6. Nxd4 Nf6 7. Nb3 O-O 8. Nc3 c6 9. Bf4 Re8 10. Qd2 Bf5 11. Nc5 Qb6 12. N3a4 Qb5 13. Rfe1 Nbd7 14. Nxd7 Nxd7 15. b3 Bxa1 16. Rxa1 Qxe2 17. Qb4 b5 18. Nc5 Nxc5 19. Qxc5 Qe1+ 0-1


[Site "https://www.chess.com"]

[Event "Titled Tuesday Blitz November 16 2021"]
[White "Zelbel, Patrick"]
[Black "Svidler, Peter"]
[WhiteFideId "24624322"]
[BlackFideId "4102142"]
[WhiteElo "2493"]
[BlackElo "2709"]
[Result "0-1"]
[Round "03"]
[TimeControl "180+1"]
[Date "2021.11.16"]
[WhiteClock "0:00:04"]
[BlackClock "0:00:29"]

1. e4 c5 2. c3 Qa5 3. g3 Nf6 4. Bg2 Nc6 5. Ne2 g6 6. O-O Bg7 7. d4 d6 8. d5 Ne5 9. f4 Ned7 10. c4 b5 11. e5 dxe5 12. fxe5 Nxe5 13. d6 Rb8 14. dxe7 Qc7 15. Bg5 Qxe7 16. Nbc3 Be6 17. Nf4 Qd7 18. Qe2 Qd4+ 19. Kh1 Bxc4 20. Bc6+ Kf8 21. Bxf6 Bxf6 22. Qg2 Bxf1 23. Rxf1 Kg7 24. Bd5 Rbd8 25. Ne4 Rxd5 26. Nxf6 Rdd8 27. Qh3 Qd6 28. Ne4 Qc6 29. Qg2 Rhe8 30. h4 Ng4 31. Ng5 Qxg2+ 32. Nxg2 f6 33. Nh3 Rd2 0-1


[Site "https://www.chess.com"]

[Event "Titled Tuesday Blitz November 16 2021"]
[White "Zhigalko, Sergei"]
[Black "Mikhailovsky, Vladimir"]
[WhiteFideId "13502956"]
[BlackFideId "34105414"]
[WhiteElo "2662"]
[BlackElo "2409"]
[Result "1-0"]
[Round "03"]
[TimeControl "180+1"]
[Date "2021.11.16"]
[WhiteClock "0:00:02"]
[BlackClock "0:00:02"]

1. e4 c6 2. d4 d5 3. e5 Bf5 4. Nf3 e6 5. Be2 Ne7 6. O-O Ng6 7. a4 Nd7 8. a5 a6 9. Ne1 h5 10. Bd3 Bxd3 11. Nxd3 c5 12. c3 Qc7 13. Be3 Nh4 14. Nd2 Nf5 15. Nf3 Be7 16. Qa4 O-O 17. Rfc1 b5 18. axb6 Nxb6 19. Qd1 Nxe3 20. fxe3 Nc4 21. Qe2 Rfb8 22. Ra2 g6 23. Nd2 Nxd2 24. Qxd2 c4 25. Nf4 Bg5 26. Rf1 Rb6 27. Qc2 Kg7 28. Rf2 Rab8 29. g3 Qb7 30. Ng2 Rb3 31. h4 Be7 32. Nf4 a5 33. Rg2 a4 34. Kh2 a3 35. bxa3 Rxa3 36. Rxa3 Bxa3 37. Kh3 Qb1 38. Qxb1 Rxb1 39. Ra2 Bc1 40. Ra7 Kg8 41. Ra8+ Kg7 42. Ra7 1-0


[Site "https://www.chess.com"]

[Event "Titled Tuesday Blitz November 16 2021"]
[White "vizumatv4hoda"]
[Black "Grieve, Harry"]
[BlackFideId "426520"]
[WhiteElo "2754"]
[BlackElo "2208"]
[Result "1-0"]
[Round "03"]
[TimeControl "180+1"]
[Date "2021.11.16"]
[WhiteClock "0:00:08"]
[BlackClock "0:00:07"]

1. e4 c5 2. c3 Nf6 3. e5 Nd5 4. d4 cxd4 5. Nf3 e6 6. cxd4 d6 7. Bc4 Be7 8. O-O O-O 9. Qe2 b6 10. Nc3 Nxc3 11. bxc3 Bb7 12. Re1 Nd7 13. Bd3 Rc8 14. Bd2 Bxf3 15. Qxf3 dxe5 16. dxe5 Nc5 17. Re3 Bg5 18. Qh3 h6 19. Rg3 Bxd2 20. Rd1 Bf4 21. Bh7+ Kxh7 22. Rxd8 Rfxd8 23. Rxg7+ Kxg7 24. Qg4+ Bg5 25. h4 Rd5 26. hxg5 h5 27. Qxh5 Rh8 28. Qe2 Ne4 29. g3 Rd1+ 30. Kg2 Nxc3 31. Qc2 Rc8 32. a4 a6 33. Qb3 b5 34. axb5 axb5 35. Qb4 Rc4 36. Qe7 Nd5 37. Qb7 b4 38. Qb8 Rc3 39. g6 fxg6 40. Qe8 Rc7 41. Qxe6 b3 42. Qg4 Rdc1 43. Qd4 Ne7 44. e6+ Kh7 45. Qh4+ Kg8 46. Qd4 Nf5 47. Qd8+ Kg7 48. Qb8 Rb1 49. Qxc7+ Kf6 50. Qf7+ Ke5 51. e7 Nxe7 52. Qxe7+ Kd4 53. Qf6+ Kd3 54. Qxg6+ 1-0


[Site "https://www.chess.com"]

[Event "Titled Tuesday Blitz November 16 2021"]
[White "Ahmadzada, Ahmad"]
[Black "Levitskiy, Andrey"]
[WhiteFideId "13413007"]
[BlackFideId "14132885"]
[WhiteElo "2226"]
[BlackElo "2340"]
[Result "1-0"]
[Round "04"]
[TimeControl "180+1"]
[Date "2021.11.16"]
[WhiteClock "0:01:44"]
[BlackClock "0:00:03"]

1. b4 e5 2. Bb2 Bxb4 3. Bxe5 Nf6 4. e3 d5 5. c3 Be7 6. Nf3 O-O 7. d4 c5 8. Bd3 Nc6 9. O-O Re8 10. Nbd2 Bd6 11. Bxf6 Qxf6 12. Bc2 Bf5 13. Bb3 Be4 14. Nxe4 dxe4 15. Nd2 cxd4 16. cxd4 Rad8 17. g3 Qf5 18. Kg2 h5 19. f3 exf3+ 20. Rxf3 Qd3 21. Bxf7+ Kh8 22. Bxe8 Rxe8 23. Nb3 Qe4 24. Nd2 Qd3 25. Nb3 Qe4 26. Qb1 Qd5 27. Qg6 Rf8 28. e4 Qg8 29. Qxh5+ Qh7 30. Qxh7+ Kxh7 31. e5 1-0


[Site "https://www.chess.com"]

[Event "Titled Tuesday Blitz November 16 2021"]
[White "Al-Tarboush, Ward"]
[Black "Pour Agha Bala, Amirreza"]
[WhiteFideId "7601450"]
[BlackFideId "12572896"]
[WhiteElo "2276"]
[BlackElo "2313"]
[Result "0-1"]
[Round "04"]
[TimeControl "180+1"]
[Date "2021.11.16"]
[WhiteClock "0:00:21"]
[BlackClock "0:01:00"]

1. e4 c5 2. Nf3 d6 3. d4 cxd4 4. Nxd4 Nf6 5. Nc3 a6 6. h3 e5 7. Nde2 Be7 8. g4 Nc6 9. Bg2 Be6 10. Ng3 O-O 11. O-O h6 12. Be3 Rc8 13. Qd2 b5 14. Rad1 Na5 15. b3 Nb7 16. Nf5 Nc5 17. Nxe7+ Qxe7 18. Qxd6 Qxd6 19. Rxd6 Nb7 20. Rd3 Nc5 21. Rd6 Nxb3 22. cxb3 Rxc3 23. Rxa6 Bd7 24. Bxh6 gxh6 25. Rxf6 Kg7 26. Rd6 Be6 27. Rfd1 b4 28. Rb6 Rc2 29. Rxb4 Rxa2 30. Rb5 Rc8 31. Rxe5 Rcc2 32. Rf1 Bxb3 33. Rf5 Rd2 34. Rc1 Be6 35. Rf4 Ra4 36. Rc7 Ra1+ 37. Kh2 Raa2 38. Kg3 Ra4 39. h4 Ra5 40. Rf3 Re2 41. Rf4 Kg8 42. Bf3 Ra3 43. g5 Re1 44. gxh6 Rg1+ 45. Kh2 Rg6 46. h7+ Kxh7 47. e5 Kg7 48. Be4 Rh3# 0-1


[Site "https://www.chess.com"]

[Event "Titled Tuesday Blitz November 16 2021"]
[White "Andreikin, Dmitry"]
[Black "Remizov, Yaroslav"]
[WhiteFideId "4158814"]
[BlackFideId "34134015"]
[WhiteElo "2736"]
[BlackElo "2325"]
[Result "1-0"]
[Round "04"]
[TimeControl "180+1"]
[Date "2021.11.16"]
[WhiteClock "0:00:12"]
[BlackClock "0:00:01"]

1. d4 Nf6 2. c4 e6 3. Nf3 d5 4. g3 Be7 5. Bg2 O-O 6. Nbd2 a6 7. O-O b5 8. cxd5 exd5 9. Nh4 Re8 10. e4 Nxe4 11. Nxe4 Bxh4 12. Nc3 Bf6 13. Nxd5 c6 14. Nxf6+ Qxf6 15. Bf4 Be6 16. Rc1 Bd5 17. Be5 Qg6 18. Re1 Nd7 19. Bxd5 cxd5 20. Qf3 Nxe5 21. dxe5 Rad8 22. Rcd1 d4 23. Qe4 Qxe4 24. Rxe4 f6 25. e6 Rd6 26. Rexd4 Rxd4 27. Rxd4 Rxe6 28. Kf1 Rc6 29. Ke2 Kf7 30. Rd7+ Ke6 31. Rxg7 Rc2+ 32. Ke3 Rxb2 33. a4 bxa4 34. Rxh7 a3 35. Rh4 Rb3+ 36. Ke2 Rb2+ 37. Kf3 a2 38. Ra4 Kd5 39. Rxa6 Kc5 40. h4 Kb4 41. Kg2 Kb3 42. h5 Rc2 43. g4 Rc4 44. Rxa2 Kxa2 45. Kg3 Kb3 46. h6 Kb4 47. f4 Rc3+ 48. Kh4 Rc1 49. Kh5 Rh1+ 50. Kg6 Rh4 51. g5 fxg5 52. fxg5 Kc5 53. Kh7 Kd6 54. g6 Ke7 55. g7 Rg4 56. g8=Q 1-0


[Site "https://www.chess.com"]

[Event "Titled Tuesday Blitz November 16 2021"]
[White "Boricsev, Oleg"]
[Black "Shipov, Sergei"]
[WhiteFideId "720500"]
[BlackFideId "4113624"]
[WhiteElo "2164"]
[BlackElo "2790"]
[Result "0-1"]
[Round "04"]
[TimeControl "180+1"]
[Date "2021.11.16"]
[WhiteClock "0:00:01"]
[BlackClock "0:00:17"]

1. e4 e6 2. d4 d5 3. Nc3 Bb4 4. exd5 exd5 5. Qf3 Qe7+ 6. Be3 Nf6 7. h3 O-O 8. Bd3 c5 9. Ne2 Nc6 10. O-O Bxc3 11. bxc3 c4 12. Bf5 Bxf5 13. Qxf5 Qe4 14. Qxe4 Nxe4 15. Rab1 b6 16. f3 Nd6 17. Kf2 Rfe8 18. Bf4 Rad8 19. g4 f6 20. h4 Kf7 21. Ng3 g6 22. Rfe1 Rxe1 23. Rxe1 Nb5 24. Bd2 Na3 25. Rc1 Re8 26. h5 Ne7 27. Bf4 Nc8 28. Bd2 Nd6 29. Nf1 gxh5 30. gxh5 Nf5 31. Bf4 Ng7 32. h6 Nf5 33. Ne3 Nxe3 34. Bxe3 Rg8 35. Bf4 Ke6 36. Re1+ Kd7 37. Re2 Nb1 38. Bd2 Rg6 39. Bc1 Nxc3 40. Re1 Nb5 41. a4 Nxd4 42. Ba3 Nc6 43. c3 Rxh6 44. Rg1 Rg6 45. Rh1 h6 46. Bc1 Ne5 47. Bxh6 a6 48. Be3 b5 49. axb5 axb5 50. Bd4 Nc6 51. Bc5 d4 52. cxd4 Ke6 53. Ke3 Rg8 54. Rh5 Rd8 55. Ke4 Kf7 56. d5 Re8+ 57. Kf4 Ne5 58. Rf5 Kg6 59. Ke4 Nd7+ 60. Kd4 Kxf5 0-1


[Site "https://www.chess.com"]

[Event "Titled Tuesday Blitz November 16 2021"]
[White "Bortnyk, Olexandr"]
[Black "Bernadskiy, Vitaliy"]
[WhiteFideId "14120828"]
[BlackFideId "14100371"]
[WhiteElo "2723"]
[BlackElo "2510"]
[Result "1/2-1/2"]
[Round "04"]
[TimeControl "180+1"]
[Date "2021.11.16"]
[WhiteClock "0:00:04"]
[BlackClock "0:00:07"]

1. e4 a6 2. d4 e6 3. c3 d5 4. e5 c5 5. f4 Bd7 6. Nf3 cxd4 7. cxd4 Bb5 8. Nc3 Bb4 9. Bxb5+ axb5 10. O-O Bxc3 11. bxc3 Ne7 12. Qb3 Ra5 13. Ba3 O-O 14. Bb4 Ra8 15. Bxe7 Qxe7 16. Qxb5 Rc8 17. Rfb1 Rc7 18. a4 Na6 19. Rb3 Rac8 20. Rab1 h6 21. h3 g6 22. Qb6 Rd7 23. Ne1 Qh4 24. Nd3 Qg3 25. Nf2 Qxf4 26. Ng4 Kg7 27. Rf1 Qg5 28. Rf3 Rdc7 29. Qa7 Qe7 30. Nf6 Nb8 31. Qb6 Nd7 32. Qd6 Kf8 33. Nh7+ Ke8 34. Rb1 b6 35. Rxb6 Nxb6 36. Qxb6 Rc6 37. Qb5 f5 38. Nf6+ Kf7 39. Qb2 Qc7 40. Qd2 Kg7 41. Rg3 Rxc3 42. Nh5+ Kh7 43. Nf6+ Kg7 44. Nh5+ Kh7 45. Nf6+ Kg7 1/2-1/2


[Site "https://www.chess.com"]

[Event "Titled Tuesday Blitz November 16 2021"]
[White "Costachi, Mihnea"]
[Black "Paravyan, David"]
[WhiteFideId "1217518"]
[BlackFideId "4194985"]
[WhiteElo "2482"]
[BlackElo "2639"]
[Result "0-1"]
[Round "04"]
[TimeControl "180+1"]
[Date "2021.11.16"]
[WhiteClock "0:00:29"]
[BlackClock "0:00:08"]

1. d4 Nf6 2. c4 g6 3. Nc3 d5 4. Nf3 Bg7 5. h4 dxc4 6. e4 c5 7. d5 b5 8. h5 Nxh5 9. Nxb5 Bg4 10. Bxc4 Nd7 11. Be2 Qb8 12. d6 O-O 13. dxe7 Re8 14. Bg5 h6 15. Rh4 Bxf3 16. gxf3 hxg5 17. Rxh5 Rxe7 18. Rh1 a6 19. Qd6 Qf8 20. Nc3 Be5 21. Qc6 Nf6 22. Bc4 Kg7 23. Ke2 Rb8 24. Rab1 Rc7 25. Qxa6 Rcb7 26. Na4 Qe7 27. b3 Bd4 28. Bd3 g4 29. Qc4 gxf3+ 30. Kxf3 Nd7 31. Ke2 Ne5 32. Qc2 Qf6 33. Rh3 Qxf2+ 34. Kd1 Qg1+ 35. Bf1 Qxf1+ 36. Kd2 Qxh3 0-1


[Site "https://www.chess.com"]

[Event "Titled Tuesday Blitz November 16 2021"]
[White "Demchenko, Anton"]
[Black "Rozman, Levy"]
[WhiteFideId "4160258"]
[BlackFideId "2039877"]
[WhiteElo "2583"]
[BlackElo "2376"]
[Result "1-0"]
[Round "04"]
[TimeControl "180+1"]
[Date "2021.11.16"]
[WhiteClock "0:00:42"]
[BlackClock "0:00:23"]

1. e4 c6 2. d4 d5 3. Nd2 dxe4 4. Nxe4 Bf5 5. Ng3 Bg6 6. Nf3 e6 7. h4 h6 8. Bf4 Bd6 9. Bxd6 Qxd6 10. Bd3 Qb4+ 11. c3 Qxb2 12. O-O Bxd3 13. Qxd3 Qb6 14. Nh5 Nf6 15. Nxg7+ Kf8 16. Nxe6+ fxe6 17. Qg6 Nbd7 18. Ne5 Nxe5 19. dxe5 Nd7 20. Qxe6 Rh7 21. Qg6 Rg7 22. Qxh6 Re8 23. e6 c5 24. Qf4+ Kg8 25. exd7 Rxd7 26. Rad1 Rg7 27. Rd6 Qc7 28. Rfd1 Rf8 29. Qe4 Qf7 30. Qd5 Qxd5 31. R1xd5 b6 32. Rd8 Rg4 33. Rxf8+ Kxf8 34. g3 Ra4 35. Rd2 Ra3 36. Rc2 1-0


[Site "https://www.chess.com"]

[Event "Titled Tuesday Blitz November 16 2021"]
[White "Drygalov, Andrey"]
[Black "Tsvetkov, Andrey"]
[WhiteFideId "24171735"]
[BlackFideId "34139360"]
[WhiteElo "2540"]
[BlackElo "2280"]
[Result "0-1"]
[Round "04"]
[TimeControl "180+1"]
[Date "2021.11.16"]
[WhiteClock "0:00:03"]
[BlackClock "0:00:44"]

1. e4 c5 2. Nf3 d6 3. d4 cxd4 4. Nxd4 Nf6 5. Nc3 a6 6. Be3 Ng4 7. Bc1 Nf6 8. f3 e5 9. Nb3 Be6 10. Be3 Be7 11. Qd2 Nbd7 12. O-O-O b5 13. g4 Nb6 14. g5 Nh5 15. Nd5 Nxd5 16. exd5 Bd7 17. Na5 Qc7 18. Kb1 O-O 19. Bd3 Rab8 20. Be4 f5 21. gxf6 Nxf6 22. Rhg1 b4 23. Nc6 Bxc6 24. dxc6 Nxe4 25. Qd5+ Kh8 26. fxe4 Rbc8 27. Qe6 Rf6 28. Qd7 Bf8 29. Bg5 Rf7 30. Qe6 Rf2 31. Qd5 Qxc6 32. Qxc6 Rxc6 33. Rgf1 Rcxc2 34. Rxf2 Rxf2 35. h4 h6 36. Bd2 a5 37. a3 bxa3 38. bxa3 a4 39. Bb4 Re2 40. Bxd6 Bxd6 41. Rxd6 Rxe4 42. Re6 Rxh4 43. Rxe5 Rc4 44. Kb2 Kh7 45. Re6 h5 46. Rd6 h4 47. Re6 g5 48. Rd6 h3 49. Re6 g4 50. Re7+ Kg6 51. Re2 g3 52. Rd2 h2 53. Rd6+ Kh5 54. Rd5+ Kh4 55. Rd1 g2 56. Rd8 g1=Q 0-1


[Site "https://www.chess.com"]

[Event "Titled Tuesday Blitz November 16 2021"]
[White "Drygalov, Sergey"]
[Black "Arakhamia-Grant, Ketevan"]
[WhiteFideId "24171743"]
[BlackFideId "13600168"]
[WhiteElo "2514"]
[BlackElo "2177"]
[Result "1-0"]
[Round "04"]
[TimeControl "180+1"]
[Date "2021.11.16"]
[WhiteClock "0:02:15"]
[BlackClock "0:01:11"]

1. d4 Nf6 2. c4 g6 3. Nf3 Bg7 4. g3 O-O 5. Bg2 d6 6. O-O Nc6 7. Nc3 a6 8. Bf4 e6 9. Qd2 Rb8 10. Rac1 Ne7 11. Bh6 b5 12. Bxg7 Kxg7 13. b3 b4 14. Na4 Ne4 15. Qc2 f5 16. Nd2 Nf6 17. e4 Bb7 18. d5 e5 19. f3 c5 20. f4 exf4 21. Rxf4 Nh5 22. Rf2 Bc8 23. Rcf1 Bd7 24. Nb2 Qa5 25. Nd3 Qc7 26. Qb2+ Kg8 27. e5 dxe5 28. Qxe5 Qxe5 29. Nxe5 Be8 30. Re1 Rd8 31. Nd3 Nc8 32. Nxc5 a5 33. Ne6 1-0


[Site "https://www.chess.com"]

[Event "Titled Tuesday Blitz November 16 2021"]
[White "Dzhaparov, Medet"]
[Black "Corrales Jimenez, Fidel"]
[WhiteFideId "13803689"]
[BlackFideId "3506690"]
[WhiteElo "1702"]
[BlackElo "2555"]
[Result "1/2-1/2"]
[Round "04"]
[TimeControl "180+1"]
[Date "2021.11.16"]
[WhiteClock "0:00:02"]
[BlackClock "0:00:11"]

1. d4 Nf6 2. c4 g6 3. Nf3 Bg7 4. g3 O-O 5. Bg2 b6 6. d5 a5 7. O-O Na6 8. Nc3 Nc5 9. Nd4 Bb7 10. e4 e5 11. dxe6 dxe6 12. e5 Bxg2 13. Kxg2 Nfd7 14. f4 f6 15. Nc6 Qe8 16. Nb5 Nxe5 17. Nxe5 fxe5 18. fxe5 Qc6+ 19. Kg1 Rxf1+ 20. Qxf1 Rf8 21. Qe2 Nd7 22. Bf4 Qc5+ 23. Kg2 Bxe5 24. Re1 Qc6+ 25. Qe4 Qxe4+ 26. Rxe4 Bxf4 27. gxf4 Nc5 28. Rd4 Rf7 29. Kg3 Kg7 30. b3 c6 31. Nd6 Rd7 32. Kf3 Kf8 33. Ke3 a4 34. b4 Na6 35. a3 c5 36. bxc5 bxc5 37. Rd3 Nb8 38. Nc8 Ke8 39. Nb6 Ra7 40. Ke4 Ra6 41. Nc8 Nd7 42. Nd6+ Kf8 43. Nb5 Nb6 44. Rd6 Ke7 45. Rc6 Kd7 46. Rd6+ Ke7 47. Rc6 Kd7 48. Rd6+ Ke7 1/2-1/2


[Site "https://www.chess.com"]